 Dungeon Crawl Stone Soup version 0.31-a0-1074-g0b22e4e0f1 (webtiles) character file.

Game seed: 4715028966659362539

142 Steppenwulf the Covered (level 5, -4/47 HPs)
             Began as a Minotaur Fighter on Dec 1, 2023.
             Slain by a gnoll
             ... wielding a +0 halberd
              (14 damage)
             ... on level 3 of the Dungeon on Dec 4, 2023.
             The game lasted 00:37:30 (1725 turns).

Steppenwulf the Covered (Minotaur Fighter)          Turns: 1725, Time: 00:37:31

Health: -4/47      AC:  8    Str: 22    XL:     5   Next: 3%
Magic:  4/4        EV: 10    Int:  5    God:
Gold:   114        SH:  5    Dex: 16    Spells: 4/4 levels left

rFire   . . .        a - +0 long sword
rCold   . . .        c - +0 buckler
rNeg    . . .        b - +0 scale mail
rPois   .            (helmet restricted)
rElec   .            t - scarf {repulsion}
rCorr   .            (no gloves)
SInv    .            C - +0 pair of boots
Will    .....        (no amulet) Stlth
                     v - +6 ring of dexterity
HPRegen 0.27/turn    (no ring)
MPRegen 0.09/turn

%: repel missiles
@: invisible
A: horns 2, retaliatory headbutt
a: no special abilities


You were on level 3 of the Dungeon.
You visited 1 branch of the dungeon, and saw 3 of its levels.

You collected 114 gold pieces.

Inventory:

Hand Weapons
 a - a +0 long sword (weapon)
 e - a +0 short sword
 h - a +0 dagger
 k - a +0 club
 l - a +0 sling
 n - a +0 short sword
 p - the +5 dagger "Ilotizes" {venom, rElec Will+ MP+9}
   (You found it on level 2 of the Dungeon)

   rElec:     It insulates you from electricity.
   Will+:     It increases your willpower.
   MP+9:      It affects your magic capacity (+9).
 G - a +0 mace
 I - a +0 mace
Missiles
 s - 26 stones
Armour
 b - a +0 scale mail (worn)
 c - a +0 buckler (worn)
 j - a +0 robe
 o - a +0 robe
 q - a +0 animal skin
 r - a +0 helmet
 t - a scarf of repulsion (worn)
 y - a +0 helmet
 z - a +0 ring mail
 C - a +0 pair of boots (worn)
Jewellery
 v - a +6 ring of dexterity (left hand)
Talismans
 E - a blade talisman
 K - a talisman of death
Wands
 D - a wand of polymorph (4)
 H - a wand of digging (3)
Scrolls
 g - a scroll of fear {unknown}
 i - a scroll of teleportation {unknown}
 m - a scroll of acquirement {unknown}
 u - a scroll of enchant armour {unknown}
 x - 2 scrolls of identify {unknown}
Potions
 d - a potion of might
 w - a potion of ambrosia {unknown}
 A - a potion of curing {unknown}
 B - a potion of degeneration {unknown}
 F - a potion of haste {unknown}
 J - a potion of brilliance {unknown}


   Skills:
 + Level 4.3 Fighting
 + Level 3.9 Long Blades
 + Level 4.9 Armour
 + Level 1.7 Dodging
 + Level 4.0 Shields


You had 4 spell levels left.
You didn't know any spells.
Your spell library contained the following spells:

 Spells                   Type           Power      Damage    Failure   Level
 Apportation              Tloc           0%         N/A       85%         1
 Jinxbite                 Hex            0%         N/A       94%         2
 Alistair's Intoxication  Tmut/Pois      0%         N/A       100%        5


Dungeon Overview and Level Annotations

Branches:
Dungeon (3/15)

Altars:


Innate Abilities, Weirdness & Mutations

You have a pair of horns on your head.
You reflexively headbutt those who attack you in melee.


Message History

A gnoll comes into view. It is wielding a +0 halberd.
Found a tubular garnet ring.
The gnoll shouts!
A gnoll comes into view. It is wielding a +0 club.
Found 9 gold pieces.
The gnoll shouts!
The gnoll hits you but does no damage.
You hit the gnoll. Your headbutt misses the gnoll.
The gnoll is moderately wounded.
The gnoll hits you from afar with a +0 halberd!
You block the gnoll's attack. x2; The gnoll barely misses you.
You closely miss the gnoll.
The gnoll is moderately wounded.
You block the gnoll's attack.
The gnoll hits you but does no damage. x2
You barely miss the gnoll.
The gnoll is moderately wounded.
The gnoll hits you from afar with a +0 halberd.
You block the gnoll's attack. The gnoll misses you. You furiously retaliate!
You headbutt the gnoll!
You kill the gnoll!
You hit the gnoll but do no damage. You headbutt the gnoll.
The gnoll is moderately wounded.
You block the gnoll's attack. The gnoll barely misses you.
You hit the gnoll. Your headbutt misses the gnoll.
The gnoll is heavily wounded.
The gnoll hits you with a +0 club.
The gnoll hits you from afar with a +0 halberd!
You block the gnoll's attack. The gnoll misses you.
You barely miss the gnoll.
The gnoll is heavily wounded.
The gnoll closely misses you. The gnoll completely misses you.
It was a potion of invisibility.
You fade into invisibility!
The gnoll hits you from afar with a +0 halberd!
* * * LOW HITPOINT WARNING * * *
The gnoll barely misses you. You furiously retaliate!
You headbutt the gnoll!
You kill the gnoll!
You have reached level 5!
The gnoll hits you from afar with a +0 halberd!
You die...

..........#.....###
###.#.#............
...#.#.......#####
###...........# .
##...........# #
......###...#####.## .
#..................# <
#...#.#####........#
####...#........@...$.#
#......##......)......#
#..............)g..=....
#.....###.....##########
#.....# #.....# #.....#
####### ......# #####.#
# #.#


You could see a gnoll (unable to see you).

Vanquished Creatures
  Ijyb (D:3)
  Robin (D:2)
  2 gnolls (D:3)
  An adder (D:2)
  A worm (D:2)
  2 dart slugs
  7 ball pythons
  8 endoplasms
  2 giant cockroaches
  8 goblins
  8 hobgoblins
  3 jackals (D:1)
  5 kobolds
  2 quokkas
  6 bats
  4 frilled lizards
  6 rats (D:1)
67 creatures vanquished.

Vanquished Creatures (others)
  A frilled lizard (D:3)
1 creature vanquished.

Grand Total: 68 creatures vanquished

Notes
Turn   | Place    | Note
-------+----------+-------------------------------------------
     0 | D:1      | Steppenwulf the Minotaur Fighter began the quest for the
                  | Orb.
     0 | D:1      | Reached XP level 1. HP: 19/19 MP: 0/0
   160 | D:1      | Reached XP level 2. HP: 20/27 MP: 1/1
   477 | D:1      | Reached XP level 3. HP: 33/33 MP: 2/2
   596 | D:2      | Identified the +5 dagger "Ilotizes" {venom, rElec Will+
                  | MP+9}
   610 | D:2      | Noticed Robin
   616 | D:2      | Killed Robin
  1002 | D:2      | Reached XP level 4. HP: 40/40 MP: 3/3
  1380 | D:3      | Noticed Ijyb
  1397 | D:3      | Killed Ijyb
  1398 | D:3      | Reached skill level 1 in Dodging
  1722 | D:3      | Reached XP level 5. HP: 9/47 MP: 4/4
  1725 | D:3      | Slain by a gnoll

Illustrated notes

Levels and vault maps discovered:
D:1:      ncdulo_halloftheorcs, layout_basic, st_stairs_6
D:2:      layout_loops_ring, uniq_robin
D:3:      layout_basic, uniq_grinder, uniq_ijyb

Skill      XL: |  1  2  3  4 |
---------------+-------------+-----
Fighting       | 4 |  4.3
Armour         | 4 |  4.9
Long Blades    | 3 |  3.9
Shields        | 4 |  4.0
Dodging        | 1 |  1.7

Action                     |  1- 3 |  4- 6 || total
---------------------------+-------+-------++-------
  Melee: Long sword        |   110 |    33 ||   143
         Headbutt          |    14 |     5 ||    19
         Unarmed           |       |    10 ||    10
    Use: Potion            |       |     1 ||     1
 Armour: Scale mail        |    90 |    19 ||   109
         Skin              |       |     5 ||     5
  Dodge: Dodged            |    40 |    28 ||    68
         Repelled          |       |     1 ||     1
  Block: Buckler           |    24 |    14 ||    38

Table legend: (Time is in decaauts)
 A = Elapsed time spent in this place.
 B = Non-inter-level travel time spent in this place.
 C = Inter-level travel time spent in this place.
 D = Time resting spent in this place.
 E = Time spent auto-exploring this place.
 F = Levels seen in this place.
 G = Mean time per level.
                   A        B        C        D        E       F      G
               +--------+--------+--------+--------+--------+-----+--------+
         Total |   1763 |   1763 |      0 |      0 |      0 |   3 |  587.7 |
       Dungeon |   1763 |   1763 |      0 |      0 |      0 |   3 |  587.7 |
               +--------+--------+--------+--------+--------+-----+--------+

Top non-repeatable levels by time:
     D:1: 709 daAuts
     D:2: 573 daAuts
     D:3: 480 daAuts
